General information
- name: BNet
- type: Ladder team game (AT/RT)
- host: Battle.net
- saver: PS4-XBOX-SWITCH
map: TwilightRuins
- players: 8
- length: 53:17
- speed: Fast
- version: 1.27 W3XP
- replay type: Public
» download(334 KB)
Players
team 1 (winner)
deplorableWE (
green | 83 APM | 3190 actions | 38:25)
7 Dreadlord
3 Sleep
3 Vampiric Aura
1 Inferno
6 Death Knight
3 Death Coil
3 Unholy Aura
» actions
| Assign group hotkey | 40 | |
| Basic commands | 3 | |
| Build / train | 165 | |
| Enter build submenu | 32 | |
| Enter hero's abilities submenu | 13 | |
| Give item / drop item | 4 | |
| Remove unit from queue | 3 | |
| Right click | 1165 | |
| Select / deselect | 672 | |
| Select group hotkey | 905 | |
| Use ability | 188 | |
3190 total
» units
| Acolyte | 27 | |
| Ghoul | 38 | |
| Necromancer | 11 | |
| Gargoyle | 11 | |
87 total
» upgrades
| Cannibalize | 1 | |
| Unholy Strength | 3 | |
| Ghoul Frenzy | 1 | |
| Necromancer Training | 2 | |
| Unholy Armor | 3 | |
| Skeletal Longevity | 1 | |
| Skeletal Mastery | 1 | |
| Creature Attack | 1 | |
| Creature Carapace | 1 | |
14 total
» buildings
| Crypt | 4 | |
| Ziggurat | 14 | |
| Altar of Darkness | 1 | |
| Nerubian Tower | 3 | |
| Halls of the Dead | 5 | |
| Graveyard | 1 | |
| Necropolis | 1 | |
| Spirit Tower | 11 | |
| Black Citadel | 1 | |
| Temple of the Damned | 1 | |
| Sacrificial Pit | 2 | |
| Tomb of Relics | 1 | |
45 total
» build order
00:02 Crypt
00:03 Ziggurat
00:44 Altar of Darkness
01:13 Ziggurat
01:35 Ziggurat
03:05 Nerubian Tower
04:29 Halls of the Dead
04:29 Halls of the Dead
04:30 Halls of the Dead
04:30 Halls of the Dead
04:39 Graveyard
05:28 Ziggurat
05:33 Necropolis
05:46 Ziggurat
05:55 Ziggurat
06:34 Spirit Tower
06:36 Ziggurat
07:19 Black Citadel
07:34 Spirit Tower
07:50 Spirit Tower
07:50 Spirit Tower
07:51 Spirit Tower
07:58 Spirit Tower
08:55 Spirit Tower
08:58 Ziggurat
09:43 Ziggurat
09:51 Temple of the Damned
10:30 Sacrificial Pit
10:39 Nerubian Tower
10:39 Nerubian Tower
11:19 Spirit Tower
11:36 Ziggurat
11:38 Ziggurat
11:51 Ziggurat
12:15 Crypt
12:31 Spirit Tower
12:49 Spirit Tower
14:48 Halls of the Dead
16:17 Tomb of Relics
16:53 Ziggurat
16:53 Ziggurat
23:22 Spirit Tower
25:30 Crypt
27:03 Crypt
36:34 Sacrificial Pit
» items
| Periapt of Vitality | 3 | |
| Scroll of Town Portal | 7 | |
| Scroll of Regeneration | 1 | |
| Lesser Clarity Potion | 1 | |
| Potion of Healing | 2 | |
| Orb of Fire | 1 | |
| Anti-magic Potion | 1 | |
| Orb of Venom | 1 | |
17 total
WINNRSRNTLOSERS (
pink | 97 APM | 5160 actions | 53:17)
7 Archmage
2 Summon Water Elemental
2 Brilliance Aura
2 Blizzard
1 Mass Teleport
9 Blood Mage
3 Flame Strike
3 Banish
1 Summon Phoenix
2 Siphon Mana
» actions
| Assign group hotkey | 165 | |
| Basic commands | 81 | |
| Build / train | 296 | |
| ESC pressed | 27 | |
| Enter build submenu | 68 | |
| Enter hero's abilities submenu | 16 | |
| Give item / drop item | 9 | |
| Right click | 1635 | |
| Select / deselect | 885 | |
| Select group hotkey | 1463 | |
| Use ability | 515 | |
5160 total
» units
| Peasant | 13 | |
| Footman | 6 | |
| Goblin Shredder | 3 | |
| Sorceress | 2 | |
| Gryphon Rider | 5 | |
| Mortar Team | 7 | |
| Flying Machine | 2 | |
| Rifleman | 6 | |
| Priest | 6 | |
| Knight | 3 | |
| Spell Breaker | 1 | |
54 total
» upgrades
| Lumber Harvesting | 1 | |
| Sorceress Training | 2 | |
| Masonry | 3 | |
| Storm Hammers | 1 | |
| Cloud | 1 | |
| Swords | 3 | |
| Armor | 3 | |
| Animal War Training | 1 | |
| Priest Training | 2 | |
| Plating | 3 | |
| Gunpowder | 3 | |
| Barrage | 1 | |
| Fragmentation Shards | 1 | |
| Flak Cannons | 1 | |
| Flying Machine Bombs | 1 | |
| Long Rifles | 1 | |
28 total
» buildings
| Altar of Kings | 1 | |
| Farm | 12 | |
| Barracks | 1 | |
| Arcane Vault | 1 | |
| Keep | 2 | |
| Town Hall | 4 | |
| Lumber Mill | 1 | |
| Arcane Sanctum | 1 | |
| Castle | 2 | |
| Guard Tower | 96 | |
| Scout Tower | 45 | |
| Gryphon Aviary | 3 | |
| Blacksmith | 2 | |
| Workshop | 4 | |
| Arcane Tower | 4 | |
| Cannon Tower | 6 | |
185 total
» build order
00:36 Altar of Kings
00:39 Farm
01:05 Barracks
01:08 Farm
01:12 Farm
01:59 Arcane Vault
02:09 Farm
03:10 Keep
03:10 Keep
04:16 Town Hall
04:39 Farm
04:54 Lumber Mill
06:28 Arcane Sanctum
06:48 Castle
06:49 Castle
06:50 Guard Tower
06:51 Guard Tower
07:07 Guard Tower
07:08 Guard Tower
08:12 Scout Tower
08:15 Scout Tower
09:01 Guard Tower
09:01 Guard Tower
09:05 Gryphon Aviary
09:07 Gryphon Aviary
09:10 Gryphon Aviary
09:46 Guard Tower
09:46 Guard Tower
09:46 Guard Tower
09:46 Guard Tower
10:41 Blacksmith
10:42 Blacksmith
11:34 Guard Tower
11:34 Guard Tower
11:35 Guard Tower
11:38 Scout Tower
11:39 Scout Tower
11:39 Scout Tower
11:40 Scout Tower
11:41 Scout Tower
13:29 Guard Tower
13:29 Guard Tower
14:14 Guard Tower
14:15 Guard Tower
14:20 Scout Tower
14:20 Scout Tower
14:21 Scout Tower
15:07 Guard Tower
15:07 Guard Tower
15:08 Guard Tower
15:08 Guard Tower
15:10 Guard Tower
15:10 Guard Tower
16:15 Workshop
16:18 Workshop
16:20 Workshop
16:22 Workshop
17:34 Scout Tower
17:35 Scout Tower
17:35 Scout Tower
17:36 Scout Tower
17:37 Scout Tower
17:37 Scout Tower
17:38 Scout Tower
17:39 Scout Tower
18:35 Guard Tower
18:35 Guard Tower
18:35 Guard Tower
18:36 Guard Tower
19:40 Scout Tower
19:40 Scout Tower
19:41 Scout Tower
19:46 Farm
19:47 Farm
20:56 Guard Tower
22:33 Farm
22:35 Farm
22:38 Farm
26:10 Farm
26:11 Farm
26:38 Town Hall
26:39 Scout Tower
26:40 Scout Tower
26:41 Scout Tower
26:42 Scout Tower
26:59 Guard Tower
26:59 Guard Tower
27:00 Guard Tower
27:00 Guard Tower
27:09 Guard Tower
27:09 Guard Tower
27:09 Guard Tower
32:00 Town Hall
32:02 Scout Tower
32:02 Scout Tower
32:03 Scout Tower
32:05 Scout Tower
32:05 Scout Tower
32:06 Scout Tower
32:30 Guard Tower
32:30 Guard Tower
32:30 Guard Tower
32:31 Guard Tower
32:31 Guard Tower
32:32 Guard Tower
32:32 Guard Tower
32:38 Guard Tower
32:38 Guard Tower
32:38 Guard Tower
32:38 Guard Tower
32:39 Guard Tower
32:40 Scout Tower
32:58 Arcane Tower
32:58 Arcane Tower
32:58 Arcane Tower
33:17 Cannon Tower
33:17 Cannon Tower
33:17 Cannon Tower
33:18 Guard Tower
33:18 Guard Tower
33:18 Guard Tower
33:18 Guard Tower
33:19 Guard Tower
33:19 Guard Tower
38:34 Scout Tower
38:37 Scout Tower
38:39 Scout Tower
38:55 Scout Tower
38:56 Scout Tower
38:57 Scout Tower
40:03 Guard Tower
40:03 Guard Tower
40:03 Guard Tower
40:04 Guard Tower
40:04 Guard Tower
40:04 Guard Tower
40:05 Guard Tower
40:05 Guard Tower
40:05 Guard Tower
44:22 Town Hall
45:02 Scout Tower
45:03 Scout Tower
45:07 Scout Tower
45:08 Scout Tower
45:10 Scout Tower
45:14 Scout Tower
45:17 Scout Tower
45:50 Arcane Tower
45:52 Guard Tower
45:53 Guard Tower
45:53 Guard Tower
45:53 Guard Tower
45:56 Guard Tower
45:57 Guard Tower
45:57 Guard Tower
45:58 Guard Tower
45:58 Guard Tower
45:58 Guard Tower
46:45 Cannon Tower
46:45 Cannon Tower
46:47 Guard Tower
46:58 Guard Tower
46:58 Guard Tower
46:59 Guard Tower
46:59 Guard Tower
» items
| Scroll of Regeneration | 16 | |
| Mechanical Critter | 6 | |
| Ivory Tower | 6 | |
| Staff of Sanctuary | 1 | |
| Staff of Teleportation | 2 | |
| Potion of Invisibility | 7 | |
| Periapt of Vitality | 3 | |
| Pendant of Energy | 2 | |
| Tome of Retraining | 1 | |
| Scroll of Town Portal | 6 | |
| Lesser Clarity Potion | 7 | |
| Potion of Mana | 2 | |
| Potion of Lesser Invulnerability | 3 | |
62 total

»
Amo_Samo (
yellow | 20 APM | 770 actions | 38:38)
7 Priestess of the Moon
3 Trueshot Aura
1 Scout
2 Searing Arrows
1 Starfall
» actions
| Build / train | 107 | |
| Enter build submenu | 18 | |
| Enter hero's abilities submenu | 8 | |
| Right click | 249 | |
| Select / deselect | 348 | |
| Use ability | 40 | |
770 total
» units
| Wisp | 20 | |
| Archer | 42 | |
| Hippogryph | 20 | |
82 total
» upgrades
| Strength of the Moon | 3 | |
| Moon Armor | 3 | |
| Improved Bows | 1 | |
| Hippogryph Taming | 1 | |
| Strength of the Wild | 2 | |
| Reinforced Hides | 2 | |
| Marksmanship | 1 | |
13 total
» buildings
| Moon Well | 7 | |
| Altar of Elders | 1 | |
| Ancient of War | 1 | |
| Hunter's Hall | 1 | |
| Ancient of Wonders | 1 | |
| Ancient Protector | 2 | |
| Tree of Ages | 1 | |
| Ancient of Wind | 2 | |
| Tree of Life | 1 | |
| Tree of Eternity | 1 | |
18 total
» build order
00:25 Moon Well
00:36 Altar of Elders
00:50 Ancient of War
02:16 Moon Well
03:01 Moon Well
03:04 Hunter's Hall
03:16 Ancient of Wonders
03:58 Moon Well
04:21 Ancient Protector
05:16 Moon Well
05:55 Ancient Protector
06:51 Tree of Ages
07:03 Moon Well
08:58 Moon Well
09:27 Ancient of Wind
10:15 Ancient of Wind
10:27 Tree of Life
14:38 Tree of Eternity
» items
baphoment (
blue | 32 APM | 1203 actions | 37:50)
5 Keeper of the Grove
1 Force of Nature
1 Entangling Roots
3 Thorns Aura
» actions
| Build / train | 86 | |
| Enter build submenu | 30 | |
| Enter hero's abilities submenu | 5 | |
| Remove unit from queue | 2 | |
| Right click | 730 | |
| Select / deselect | 304 | |
| Use ability | 46 | |
1203 total
» units
| Wisp | 37 | |
| Archer | 4 | |
| Goblin Shredder | 1 | |
| Chimaera | 8 | |
| Hippogryph | 18 | |
68 total
» upgrades
| Strength of the Wild | 3 | |
| Reinforced Hides | 2 | |
| Ultravision | 1 | |
| Corrosive Breath | 1 | |
| Strength of the Moon | 1 | |
8 total
» buildings
| Moon Well | 7 | |
| Altar of Elders | 1 | |
| Ancient of War | 1 | |
| Hunter's Hall | 1 | |
| Tree of Ages | 1 | |
| Tree of Life | 5 | |
| Tree of Eternity | 1 | |
| Ancient of Wind | 2 | |
| Ancient Protector | 5 | |
| Chimaera Roost | 4 | |
| Ancient of Wonders | 1 | |
29 total
» build order
00:23 Moon Well
00:37 Altar of Elders
00:52 Moon Well
02:27 Ancient of War
02:54 Moon Well
03:55 Hunter's Hall
04:57 Tree of Ages
06:21 Tree of Life
06:28 Moon Well
07:20 Tree of Eternity
07:25 Moon Well
07:30 Ancient of Wind
08:47 Ancient Protector
09:53 Chimaera Roost
09:57 Chimaera Roost
10:00 Chimaera Roost
10:05 Chimaera Roost
10:39 Ancient Protector
10:52 Ancient Protector
15:08 Tree of Life
15:18 Ancient of Wonders
15:32 Moon Well
15:38 Moon Well
17:58 Tree of Life
22:05 Ancient Protector
22:13 Ancient Protector
22:29 Ancient of Wind
25:01 Tree of Life
32:11 Tree of Life
team 2 (loser)

»
cof(overdose) (
purple | 77 APM | 3593 actions | 46:36)
8 Mountain King
3 Storm Bolt
3 Bash
1 Avatar
1 Thunder Clap
6 Paladin
3 Holy Light
2 Devotion Aura
1 Resurrection
» actions
| Assign group hotkey | 43 | |
| Build / train | 117 | |
| Enter build submenu | 59 | |
| Enter hero's abilities submenu | 14 | |
| Give item / drop item | 2 | |
| Remove unit from queue | 4 | |
| Right click | 1348 | |
| Select / deselect | 511 | |
| Select group hotkey | 1186 | |
| Use ability | 309 | |
3593 total
» units
| Peasant | 26 | |
| Rifleman | 10 | |
| Dragonhawk Rider | 14 | |
| Gryphon Rider | 6 | |
56 total
» upgrades
| Gunpowder | 2 | |
| Armor | 3 | |
| Defend | 1 | |
| Lumber Harvesting | 1 | |
| Long Rifles | 1 | |
| Swords | 3 | |
| Cloud | 1 | |
| Animal War Training | 1 | |
| Storm Hammers | 1 | |
14 total
» buildings
| Altar of Kings | 1 | |
| Farm | 14 | |
| Barracks | 1 | |
| Blacksmith | 1 | |
| Arcane Vault | 1 | |
| Scout Tower | 24 | |
| Lumber Mill | 1 | |
| Arcane Tower | 2 | |
| Guard Tower | 13 | |
| Keep | 2 | |
| Town Hall | 6 | |
| Castle | 1 | |
| Gryphon Aviary | 4 | |
71 total
» build order
00:25 Altar of Kings
00:35 Farm
01:11 Barracks
01:15 Farm
01:55 Farm
02:08 Blacksmith
02:38 Farm
02:46 Arcane Vault
03:16 Scout Tower
03:18 Lumber Mill
03:44 Farm
03:59 Arcane Tower
04:22 Scout Tower
05:20 Scout Tower
05:21 Guard Tower
05:31 Keep
05:31 Keep
06:27 Guard Tower
06:29 Scout Tower
07:04 Guard Tower
07:12 Scout Tower
08:55 Town Hall
09:27 Guard Tower
09:32 Scout Tower
10:00 Scout Tower
10:02 Scout Tower
10:02 Guard Tower
10:29 Scout Tower
10:31 Scout Tower
10:32 Guard Tower
10:33 Guard Tower
11:16 Guard Tower
11:19 Scout Tower
11:46 Guard Tower
11:49 Scout Tower
12:04 Castle
12:25 Scout Tower
12:26 Arcane Tower
12:54 Guard Tower
14:17 Gryphon Aviary
14:19 Gryphon Aviary
14:20 Gryphon Aviary
14:22 Gryphon Aviary
15:27 Farm
15:57 Farm
16:37 Farm
16:38 Farm
17:08 Town Hall
18:12 Farm
18:14 Farm
18:20 Farm
21:13 Scout Tower
21:15 Farm
21:44 Scout Tower
21:46 Guard Tower
21:53 Farm
22:45 Guard Tower
25:21 Town Hall
26:31 Scout Tower
26:31 Scout Tower
26:32 Scout Tower
26:32 Scout Tower
26:33 Scout Tower
26:33 Scout Tower
26:36 Scout Tower
26:41 Scout Tower
28:14 Guard Tower
31:41 Town Hall
33:14 Town Hall
33:26 Scout Tower
40:26 Town Hall
» items
| Scroll of Regeneration | 3 | |
| Gloves of Haste | 1 | |
| Claws of Attack +6 | 1 | |
| Ring of Protection +2 | 1 | |
| Scroll of Town Portal | 2 | |
| Orb of Fire | 1 | |
9 total
PS4-XBOX-SWITCH (
red | 61 APM | 3230 actions | 53:17)
8 Blademaster
3 Wind Walk
3 Critical Strike
1 Bladestorm
1 Mirror Image
» actions
| Assign group hotkey | 97 | |
| Basic commands | 43 | |
| Build / train | 89 | |
| Enter build submenu | 38 | |
| Enter hero's abilities submenu | 8 | |
| Give item / drop item | 4 | |
| Remove unit from queue | 3 | |
| Right click | 1359 | |
| Select / deselect | 449 | |
| Select group hotkey | 874 | |
| Use ability | 266 | |
3230 total
» units
| Peon | 14 | |
| Goblin Shredder | 4 | |
| Wind Rider | 4 | |
| Goblin Sapper | 14 | |
| Troll Batrider | 8 | |
| Raider | 2 | |
| Kodo Beast | 2 | |
48 total
» upgrades
| Ranged Weapons | 3 | |
| Armor | 2 | |
| Envenomed Spears | 1 | |
| Reinforced Defenses | 1 | |
| Liquid Fire | 1 | |
8 total
» buildings
| Altar of Storms | 1 | |
| Orc Burrow | 6 | |
| War Mill | 1 | |
| Voodoo Lounge | 1 | |
| Watch Tower | 55 | |
| Stronghold | 2 | |
| Great Hall | 1 | |
| Beastiary | 6 | |
| Fortress | 2 | |
75 total
» build order
00:06 Altar of Storms
00:21 Orc Burrow
00:38 War Mill
01:05 Voodoo Lounge
01:51 Watch Tower
02:12 Watch Tower
02:26 Watch Tower
03:04 Stronghold
03:05 Stronghold
03:23 Orc Burrow
03:57 Great Hall
04:10 Watch Tower
05:37 Watch Tower
05:37 Watch Tower
05:38 Watch Tower
05:39 Watch Tower
05:58 Watch Tower
06:10 Watch Tower
06:18 Beastiary
06:36 Beastiary
06:51 Watch Tower
07:10 Fortress
07:10 Fortress
07:45 Watch Tower
07:45 Watch Tower
07:46 Watch Tower
07:46 Watch Tower
09:06 Watch Tower
09:49 Orc Burrow
10:18 Orc Burrow
10:20 Orc Burrow
11:46 Beastiary
11:53 Watch Tower
11:53 Watch Tower
12:11 Watch Tower
12:11 Watch Tower
12:12 Watch Tower
12:12 Watch Tower
12:13 Watch Tower
13:45 Watch Tower
13:46 Watch Tower
13:47 Watch Tower
13:48 Watch Tower
13:48 Watch Tower
13:50 Watch Tower
13:52 Watch Tower
13:52 Watch Tower
13:52 Watch Tower
14:16 Watch Tower
14:17 Watch Tower
15:15 Watch Tower
15:15 Watch Tower
15:23 Watch Tower
15:23 Watch Tower
16:31 Watch Tower
16:32 Watch Tower
16:32 Watch Tower
16:32 Watch Tower
16:52 Watch Tower
16:52 Watch Tower
16:53 Watch Tower
16:53 Watch Tower
16:53 Watch Tower
17:15 Beastiary
18:08 Watch Tower
18:09 Watch Tower
18:09 Watch Tower
18:11 Watch Tower
18:11 Watch Tower
18:53 Orc Burrow
20:20 Watch Tower
20:30 Beastiary
23:43 Watch Tower
23:43 Watch Tower
27:20 Beastiary
» items
| Healing Salve | 2 | |
| Lesser Clarity Potion | 1 | |
| Potion of Lesser Invulnerability | 3 | |
| Boots of Speed | 1 | |
| Potion of Invisibility | 1 | |
| Staff of Teleportation | 2 | |
| Tiny Great Hall | 1 | |
| Scroll of Town Portal | 3 | |
| Orb of Lightning | 1 | |
| Scroll of Healing | 1 | |
16 total

»
Clown_Lotion (
teal | 45 APM | 2354 actions | 51:53)
8 Tauren Chieftain
1 War Stomp
3 Endurance Aura
3 Shockwave
1 Reincarnation
6 Shadow Hunter
3 Healing Wave
2 Hex
1 Big Bad Voodoo
» actions
| Assign group hotkey | 34 | |
| Build / train | 122 | |
| Enter build submenu | 40 | |
| Enter hero's abilities submenu | 14 | |
| Give item / drop item | 4 | |
| Remove unit from queue | 3 | |
| Right click | 916 | |
| Select / deselect | 460 | |
| Select group hotkey | 542 | |
| Use ability | 219 | |
2354 total
» units
| Peon | 39 | |
| Grunt | 2 | |
| Troll Headhunter/Berserker | 20 | |
| Goblin Shredder | 1 | |
| Shaman | 10 | |
| Troll Witch Doctor | 2 | |
| Wind Rider | 5 | |
79 total
» upgrades
| Ranged Weapons | 3 | |
| Shaman Training | 2 | |
| Witch Doctor Training | 2 | |
| Berserker Upgrade | 1 | |
| Troll Regeneration | 1 | |
| Reinforced Defenses | 1 | |
| Envenomed Spears | 1 | |
11 total
» buildings
| Altar of Storms | 2 | |
| Orc Burrow | 12 | |
| Barracks | 1 | |
| War Mill | 1 | |
| Voodoo Lounge | 1 | |
| Stronghold | 1 | |
| Great Hall | 6 | |
| Fortress | 1 | |
| Spirit Lodge | 2 | |
| Watch Tower | 8 | |
| Beastiary | 2 | |
37 total
» build order
00:08 Altar of Storms
00:22 Orc Burrow
00:37 Barracks
01:36 Orc Burrow
02:19 War Mill
02:25 Voodoo Lounge
03:40 Stronghold
04:29 Orc Burrow
05:56 Great Hall
08:06 Fortress
08:10 Spirit Lodge
09:29 Spirit Lodge
11:23 Orc Burrow
11:25 Orc Burrow
13:54 Watch Tower
13:56 Watch Tower
14:37 Orc Burrow
14:41 Beastiary
14:46 Beastiary
15:09 Watch Tower
15:11 Watch Tower
15:32 Orc Burrow
16:18 Watch Tower
16:21 Watch Tower
16:32 Watch Tower
16:44 Orc Burrow
17:39 Watch Tower
19:45 Great Hall
22:15 Great Hall
26:27 Great Hall
29:18 Orc Burrow
29:57 Orc Burrow
30:01 Orc Burrow
30:29 Orc Burrow
31:33 Great Hall
33:09 Great Hall
33:25 Altar of Storms
» items
| Healing Salve | 4 | |
| Scroll of Town Portal | 2 | |
| Potion of Healing | 1 | |
| Orb of Lightning | 1 | |
8 total

»
DusTeD (
orange | 43 APM | 1345 actions | 31:09)
7 Demon Hunter
2 Mana Burn
1 Immolation
3 Evasion
1 Metamorphosis
» actions
| Basic commands | 58 | |
| Build / train | 79 | |
| Enter build submenu | 20 | |
| Enter hero's abilities submenu | 7 | |
| Right click | 838 | |
| Select / deselect | 278 | |
| Use ability | 65 | |
1345 total
» units
| Wisp | 13 | |
| Archer | 7 | |
| Dryad | 27 | |
| Hippogryph | 5 | |
| Chimaera | 6 | |
58 total
» upgrades
| Strength of the Wild | 3 | |
| Reinforced Hides | 3 | |
| Abolish Magic | 1 | |
7 total
» buildings
| Altar of Elders | 1 | |
| Moon Well | 8 | |
| Ancient of War | 1 | |
| Hunter's Hall | 1 | |
| Tree of Ages | 1 | |
| Ancient of Lore | 2 | |
| Tree of Eternity | 1 | |
| Ancient of Wind | 1 | |
| Ancient of Wonders | 1 | |
| Chimaera Roost | 1 | |
| Tree of Life | 1 | |
19 total
» build order
00:34 Altar of Elders
01:06 Moon Well
01:57 Ancient of War
02:04 Moon Well
03:10 Hunter's Hall
03:17 Moon Well
03:59 Tree of Ages
06:42 Ancient of Lore
06:46 Ancient of Lore
06:56 Moon Well
09:19 Moon Well
10:42 Moon Well
12:48 Tree of Eternity
12:52 Moon Well
14:52 Ancient of Wind
18:08 Ancient of Wonders
18:13 Chimaera Roost
25:26 Moon Well
27:21 Tree of Life
» items
| Healing Salve | 1 | |
| Potion of Healing | 1 | |
| Scroll of Speed | 1 | |
| Scroll of Town Portal | 1 | |
4 total
Chat log
(04:07 / Allies) Clown_Lotion: hh cast
(05:53 / Allies) PS4-XBOX-SWITCH: wood plz ill pay back
(06:12 / Allies) PS4-XBOX-SWITCH: thx
(06:17 / Allies) Clown_Lotion: np
(06:41 / Allies) PS4-XBOX-SWITCH: lets hit oj
(06:42 / Allies) PS4-XBOX-SWITCH: harass
(09:03 / Allies) DusTeD: lol
(09:45 / Allies) DusTeD: we gotta hit
(09:51 / Allies) DusTeD: greenn got nothing
(14:28 / Allies) PS4-XBOX-SWITCH: b
(14:28 / Allies) DusTeD: b
(14:55 / Allies) DusTeD: need
(14:58 / Allies) DusTeD: dat aa
(15:01 / Allies) cof(overdose): getting
(15:13 / Allies) DusTeD: anyone mele\?
(16:12 / Allies) DusTeD: rep
(16:26 / All) DusTeD: what is this tower was\
(16:28 / All) DusTeD: wars
(16:32 / All) WINNRSRNTLOSERS: yes
(16:37 / All) baphoment: my team fkn sucks
(16:38 / All) WINNRSRNTLOSERS: it's tower defense right?
(16:41 / All) WINNRSRNTLOSERS: or did I queue wrong thing?
(16:45 / All) WINNRSRNTLOSERS: I do more than you all game blue
(16:54 / All) WINNRSRNTLOSERS: with heroes
(17:25 / Allies) PS4-XBOX-SWITCH: t[]
(17:26 / Allies) PS4-XBOX-SWITCH: tp
(18:37 / Allies) PS4-XBOX-SWITCH: come oj
(18:39 / Allies) PS4-XBOX-SWITCH: hit green expo
(19:06 / Allies) DusTeD: coming
(19:12 / All) WINNRSRNTLOSERS: nice expo teal
(20:53 / All) WINNRSRNTLOSERS: You're getting raped by heroes teal lol
(21:26 / All) WINNRSRNTLOSERS: LOL
(21:28 / All) WINNRSRNTLOSERS: GOT IT
(21:33 / All) WINNRSRNTLOSERS: NICE TRY SAVING IT BUDDY
(21:51 / Allies) Clown_Lotion: gold?
(22:30 / Allies) Clown_Lotion: gold me red
(23:52 / All) Clown_Lotion: lmao
(24:13 / All) WINNRSRNTLOSERS: Teal practically jacking off to you getting my heroes
(24:16 / All) WINNRSRNTLOSERS: he wishes he could get that lucky
(25:06 / All) PS4-XBOX-SWITCH: quit hitting me u nigger blue
(27:02 / Allies) DusTeD: what happend at my base lol
(27:04 / Allies) DusTeD: missed that
(27:19 / All) Clown_Lotion: red has 10 k gold
(27:30 / All) WINNRSRNTLOSERS: lol
(27:32 / Allies) DusTeD: give me gold plz
(27:58 / Allies) DusTeD: red
(28:01 / Allies) DusTeD: can i have giold
(28:55 / All) DusTeD: RED
(29:14 / Allies) DusTeD: \red
(29:25 / Allies) DusTeD: afk
(29:36 / Allies) DusTeD: what a lown
(29:38 / Allies) DusTeD: clown
(29:39 / All) baphoment: nice base retard
(29:55 / Allies) cof(overdose): need some ghold
(29:58 / Allies) PS4-XBOX-SWITCH: k
(30:00 / Allies) PS4-XBOX-SWITCH: ho wmuch?
(30:03 / All) DusTeD: Oh reds been bsing em
(30:08 / Allies) cof(overdose): anything you can spare
(30:10 / All) DusTeD: thats why
(30:24 / All) DusTeD: reds been killing me this whole time lol
(30:34 / All) DusTeD: what a noob
(30:47 / All) DusTeD: gl scrubs
(31:18 / Allies) cof(overdose): gold for main?
(31:36 / All) WINNRSRNTLOSERS: You guys have good players like teal, lose all their shit to two heroes
(31:37 / Allies) cof(overdose): ty
(32:50 / Allies) Clown_Lotion: gold red
(32:59 / Allies) Clown_Lotion: thanks
(33:50 / Allies) PS4-XBOX-SWITCH: keeper
(35:14 / Allies) cof(overdose): fucking pink
(36:25 / All) baphoment: love how my team helps
(36:32 / All) PS4-XBOX-SWITCH: u didnt help pink
(36:33 / All) PS4-XBOX-SWITCH: nigger
(36:38 / All) WINNRSRNTLOSERS: would be better off without you blue
(36:44 / All) PS4-XBOX-SWITCH: for some reason blue kept wanting to hit my base
(36:46 / All) PS4-XBOX-SWITCH: i had 100 towers
(36:48 / All) PS4-XBOX-SWITCH: literally
(36:52 / All) baphoment: didnt help him cuz he didnt help me at first idiot faggot
(36:54 / All) Amo_Samo: hes terrible man
(36:58 / All) baphoment: stupid dumb idiot kids these days
(37:07 / All) Amo_Samo: u kept his hero in his base all game thats why he ost all his chims earlier
(37:15 / All) PS4-XBOX-SWITCH: pinks expo was dying and blue want attacking my 100 towers
(37:15 / All) Amo_Samo: LOL
(37:17 / All) baphoment: yellow.. ur stil here? LMAO fkn no life
(37:24 / All) Amo_Samo: LOL
(37:29 / All) Amo_Samo: GET AT ME
(37:36 / All) PS4-XBOX-SWITCH: green dk
(38:32 / Allies) Clown_Lotion: weird game
(39:11 / Allies) Clown_Lotion: pink is such a hacker
(39:46 / Allies) cof(overdose): red can i jave some gold for main
(40:19 / Allies) cof(overdose): ty
(40:28 / Allies) Clown_Lotion: np
(40:45 / Allies) Clown_Lotion: please can we will this hacking faggot
(40:53 / Allies) PS4-XBOX-SWITCH: lol
(40:57 / Allies) PS4-XBOX-SWITCH: he def hacks
(41:46 / All) WINNRSRNTLOSERS: you guys are trash just leave my game
(41:47 / All) PS4-XBOX-SWITCH: wow
(41:50 / All) WINNRSRNTLOSERS: press f10
(41:51 / All) WINNRSRNTLOSERS: then you hit
(41:52 / All) WINNRSRNTLOSERS: QUIT GAME
(41:55 / All) WINNRSRNTLOSERS: or press alt qq for short
(42:17 / Allies) cof(overdose): lets kill him teal
(43:01 / All) WINNRSRNTLOSERS: pathetic
(43:42 / All) WINNRSRNTLOSERS: leave, pathetic noob trash
(43:46 / All) WINNRSRNTLOSERS: get out of my game
(43:47 / All) PS4-XBOX-SWITCH: pink just admit it
(43:48 / Allies) Clown_Lotion: gold for hero
(43:49 / All) PS4-XBOX-SWITCH: u hack
(43:50 / Allies) PS4-XBOX-SWITCH: asshol
(43:52 / All) cof(overdose): u upset pink
(43:57 / All) WINNRSRNTLOSERS: why would I be
(43:58 / All) WINNRSRNTLOSERS: I win
(43:59 / All) WINNRSRNTLOSERS: you lose
(44:03 / All) WINNRSRNTLOSERS: winners aren't losers, baby
(44:15 / Allies) cof(overdose): red man
(44:17 / Allies) cof(overdose): just end tyhis shit
(44:28 / Allies) cof(overdose): build massive units or give me a ton of gold
(44:30 / Allies) cof(overdose): ill makle shit
(44:30 / Allies) Clown_Lotion: red build some shit and lets win dammit lol
(44:31 / Allies) cof(overdose): we win
(44:34 / Allies) PS4-XBOX-SWITCH: sorry . kinda been on a phone call . ill get demos righ tnow
(44:41 / Allies) cof(overdose): nah i mean give me like 4k
(44:42 / Allies) PS4-XBOX-SWITCH: or raiders?
(44:49 / Allies) cof(overdose): ill make mad hawks or something
(44:51 / Allies) cof(overdose): and u get mass bats
(44:52 / Allies) cof(overdose): we win
(44:53 / Allies) Clown_Lotion: give 4k to purp
(45:20 / Allies) cof(overdose): this is rough man
(45:22 / Allies) cof(overdose): lol
(45:25 / Allies) Clown_Lotion: yea
(45:35 / Allies) cof(overdose): so frustrating being able to win
(45:39 / Allies) cof(overdose): but just... someone doesnt cooperate
(45:46 / Allies) Clown_Lotion: right
(45:57 / Allies) PS4-XBOX-SWITCH: orange was trying to kill my expo right by his base with towers
(46:19 / Allies) cof(overdose): red
(46:20 / Allies) cof(overdose): lkast chance
(46:21 / All) WINNRSRNTLOSERS: nice farms
(47:41 / Allies) Clown_Lotion: red come on man
(47:43 / All) WINNRSRNTLOSERS: Teal you may leave now
(47:48 / Allies) PS4-XBOX-SWITCH: aight lets hit pink mian
(49:21 / All) PS4-XBOX-SWITCH: pink
(49:23 / Allies) PS4-XBOX-SWITCH: hit his bmain
(49:24 / Allies) PS4-XBOX-SWITCH: come
(49:31 / All) WINNRSRNTLOSERS: yes?
(49:36 / All) PS4-XBOX-SWITCH: i mean teal
(49:42 / Allies) Clown_Lotion: you have 8000 gold
(49:54 / Allies) Clown_Lotion: i dont have a main
(50:06 / Allies) Clown_Lotion: go
(50:11 / All) PS4-XBOX-SWITCH: why did u pint out my gold total if u didnt want it?
(50:18 / Allies) Clown_Lotion: you use it
(50:28 / All) PS4-XBOX-SWITCH: i am dude. i have 70 food army right now
(50:50 / All) WINNRSRNTLOSERS: eat my control hack, dickwad
(50:57 / All) PS4-XBOX-SWITCH: hall
(50:58 / All) PS4-XBOX-SWITCH: hall
(51:58 / All) PS4-XBOX-SWITCH: lawl
(51:59 / All) WINNRSRNTLOSERS: raped lol
(52:03 / All) WINNRSRNTLOSERS: THEY NEVER EVEN KNEW WE WERE TKERS
(52:08 / All) PS4-XBOX-SWITCH: this was decent chat
(52:09 / All) PS4-XBOX-SWITCH: cuz
(52:13 / All) PS4-XBOX-SWITCH: my team was pissedd at ur harass
(52:25 / All) PS4-XBOX-SWITCH: stats
(52:41 / All) WINNRSRNTLOSERS: Yellow 112-115
(52:46 / All) PS4-XBOX-SWITCH: col9overdose0
(52:53 / All) WINNRSRNTLOSERS: 187-201 blue
(53:06 / All) PS4-XBOX-SWITCH: purp is 393 398
(53:14 / All) WINNRSRNTLOSERS: I say your team lose